 Dungeon Crawl Stone Soup version 0.23.2-1-ga50397a (webtiles) character file.

Game seed: 8834381875446813747

67 kae the Changer (level 4, -2/32 HPs)
             Began as a Demonspawn Transmuter on Apr 14, 2019.
             Slain by a gnoll
             ... wielding a +0 spear
              (3 damage)
             ... on level 2 of the Dungeon.
             The game lasted 00:02:18 (2350 turns).

kae the Changer (Demonspawn Transmuter)             Turns: 2350, Time: 00:02:19

Health: -2/32      AC:  2    Str:  8 (10) XL:     4   Next: 0%
Magic:  3/7        EV: 12    Int: 12 (15) God:
Gold:   79         SH:  0    Dex: 12 (14) Spells: 4/7 levels left

rFire    . . .     SeeInvis .     - Unarmed
rCold    . . .     Gourm    .   (no shield)
rNeg     . . .     Faith    .   b - +0 robe
rPois    .         Spirit   .   (no helmet)
rElec    .         Reflect  .   (no cloak)
rCorr    .         Harm     .   (no gloves)
MR       .....                  (no boots)
Stlth    +.........             (no amulet)
HPRegen  0.10/turn              (no ring)
MPRegen  0.10/turn              (no ring)

@: no status effects
A: demonic guardian 1
a: no special abilities


You were on level 2 of the Dungeon.
You were not hungry.

You visited 1 branch of the dungeon, and saw 2 of its levels.

You collected 79 gold pieces.

Inventory:

Missiles
 a - 47 arrows
Armour
 b - a +0 robe (worn)
Scrolls
 e - a scroll of enchant armour {unknown}
 g - a scroll of magic mapping {unknown}
 i - a scroll of enchant weapon {unknown}
Potions
 c - 3 potions of curing
 f - a potion of degeneration
Comestibles
 d - a ration


   Skills:
 - Level 1.0 Fighting
 - Level 1.7 Dodging
 - Level 2.6 Unarmed Combat
 - Level 2.0 Spellcasting
 + Level 3.9 Transmutations


You had 4 spell levels left.
You knew the following spells:

 Your Spells              Type           Power        Failure   Level  Hunger
a - Beastly Appendage     Tmut           ##....       5%          1    ##.....
b - Sticks to Snakes      Tmut           ##......     9%          2    ###....

Your spell library contained the following spells:

 Spells                   Type           Power        Failure   Level  Hunger
 Spider Form              Tmut/Pois      #.........   36%         3    ####...
 Ice Form                 Ice/Tmut       #.......     77%         4    #####..
 Blade Hands              Tmut           ##........   83%         5    ######.


Dungeon Overview and Level Annotations

Branches:
Dungeon (2/15)

Altars:
Ashenzari
Cheibriados
Dithmenos
Elyvilon
Nemelex Xobeh
Qazlal
Sif Muna
Xom


Innate Abilities, Weirdness & Mutations

A weak demonic guardian rushes to your aid.


Message History

Your ball python grabs the gnoll.
Your ball python constricts the gnoll.
The gnoll hits your ball python with a +0 spear!
Your ball python dies!
Casting: Sticks to Snakes (safe; 9% risk of failure)
Confirm with . or Enter, or press ? or * to list all spells.
You create a snake!
You now have 47 arrows.
Your adder closely misses the gnoll.
The gnoll hits you from afar with a +0 spear!
You swap places.
The gnoll hits you with a +0 spear.
* * * LOW HITPOINT WARNING * * *
You hit the gnoll.
The gnoll is moderately wounded.
You hit the gnoll.
The gnoll is heavily wounded.
The gnoll hits you with a +0 spear.
* * * LOW HITPOINT WARNING * * *
You hit the gnoll.
The gnoll is heavily wounded.
The gnoll hits you with a +0 spear.
You die...

.#..#...#............#
........###)########.###### #####
#....#...#...#######.##...# #....
.........##..........##...###.###
......#.._#..#######........#.###
.........##.## #.............
#....#...##.# #..........###
........###(###########...#####
.#..#...#...?..g@S# #.[.#
.......##...#####.# #####
......_###.## ################
######## #.# ###...........##
###... #.# #_'............. ....#
#.# ###............. # #..# #.#
#############. #.###.b###5#
############. ........##†#
.............


You could see a gnoll and a friendly adder.

Vanquished Creatures
  A gnoll (D:2)
  2 giant cockroaches (D:1)
  3 goblins
  8 hobgoblins
  5 jackals (D:2)
  A quokka (D:2)
  A bat (D:1)
  3 kobolds (D:2)
  2 rats (D:1)
26 creatures vanquished.

Vanquished Creatures (collateral kills)
  2 gnolls (D:2)
  An adder (D:2)
  A dart slug (D:1)
  2 orcs
  2 ball pythons
  4 bats
  A goblin (D:1)
  3 hobgoblins
  A frilled lizard (D:1)
17 creatures vanquished.

Grand Total: 43 creatures vanquished

Notes
Turn   | Place    | Note
-------+----------+-------------------------------------------
     0 | D:1      | kae the Demonspawn Transmuter began the quest for the Orb.
     0 | D:1      | Reached XP level 1. HP: 15/15 MP: 3/3
    33 | D:1      | You fall through a shaft!
    33 | D:2      | Found a shadowy altar of Dithmenos.
    75 | D:2      | Reached skill level 2 in Transmutations
   320 | D:2      | Gained mutation: A weak demonic guardian rushes to your
                  | aid. [demonic ancestry]
   320 | D:2      | Reached XP level 2. HP: 21/21 MP: 5/5
   345 | D:2      | Found a stormy altar of Qazlal.
   429 | D:2      | HP: 1/21 [goblin/+0 club (5)]
   712 | D:2      | Found a sparkling altar of Nemelex Xobeh.
   712 | D:2      | Found a snail-covered altar of Cheibriados.
   712 | D:2      | Found a white marble altar of Elyvilon.
   720 | D:2      | Found a shimmering altar of Xom.
   725 | D:2      | Found a shattered altar of Ashenzari.
   788 | D:2      | Reached skill level 3 in Transmutations
  1039 | D:2      | Learned a level 2 spell: Sticks to Snakes
  1111 | D:2      | Found a deep blue altar of Sif Muna.
  1321 | D:1      | Reached XP level 3. HP: 26/26 MP: 3/6
  2286 | D:2      | Reached XP level 4. HP: 11/32 MP: 4/7
  2349 | D:2      | HP: 1/32 [gnoll/+0 spear (4)]
  2350 | D:2      | Slain by a gnoll

Skill      XL: |  1  2 |
---------------+-------+-----
Transmutations | 2 3 |  3.9
Fighting       | |  1.0
Dodging        | |  1.7
Unarmed Combat | |  2.6
Spellcasting   | |  2.0

Action                   |  1- 3 |  4- 6 || total
-------------------------+-------+-------++-------
Melee: Unarmed           |   110 |     3 ||   113
       Kick              |     7 |       ||     7
       Headbutt          |     1 |       ||     1
 Cast: Beastly Appendage |     9 |       ||     9
       Sticks to Snakes  |     9 |     2 ||    11
  Use: Potion            |     5 |       ||     5
 Stab: Sleeping          |     1 |       ||     1
  Eat: Chunk             |     3 |       ||     3
       Ration            |     1 |       ||     1
Armor: Robe              |    22 |       ||    22
Dodge: Dodged            |    94 |       ||    94
